 Dungeon Crawl Stone Soup version 0.30-a0-371-gad7725a93e (webtiles) character file.

Game seed: 11519477018133939344

6648 experimilk the Destroyer (level 10, -6/69 HPs)
             Began as a Purple Draconian Conjurer on Nov 20, 2022.
             Was a Believer of Sif Muna.
             Mangled by a yak (11 damage)
             ... on level 9 of the Dungeon.
             The game lasted 00:35:04 (14322 turns).

experimilk the Destroyer (DrCj)                    Turns: 14322, Time: 00:35:05

Health: -6/69      AC: 12    Str: 10    XL:     10   Next: 72%
Magic:  12/23      EV: 12    Int: 23    God:    Sif Muna [**....]
Gold:   384        SH:  0    Dex:  9    Spells: 11/28 levels left

rFire   . . .      SeeInvis .    F - +6 whip (vamp)
rCold   . . .      Faith    .    (no shield)
rNeg    . . .      Spirit   .    (body armour unavailable)
rPois   .          Reflect  .    (helmet restricted)
rElec   .          Harm     .    n - +1 cloak {rCorr}
rCorr   +          Rampage  .    v - +1 pair of gloves
Will    +....                    D - +0 pair of boots
Stlth   ++........               (no amulet)
HPRegen 0.31/turn                (no ring)
MPRegen 0.18/turn                (no ring)

@: very slightly contaminated
A: breathe power, AC +7, unfitting armour, cold-blooded
a: Breathe Dispelling Energy, Renounce Religion, Channel Magic


You were on level 9 of the Dungeon.
You worshipped Sif Muna.
Sif Muna was pleased with you.
You visited 2 branches of the dungeon, and saw 10 of its levels.

You collected 522 gold pieces.
You spent 138 gold pieces at shops.

Inventory:

Hand Weapons
 F - a +6 vampiric whip (weapon)
Missiles
 z - 2 throwing nets
Armour
 n - a +1 cloak of preservation (worn)
 v - a +1 pair of gloves (worn)
 D - a +0 pair of boots (worn)
Jewellery
 r - an amulet of regeneration
 w - a ring of fire
Wands
 A - a wand of polymorph (10)
Scrolls
 c - a scroll of fog {unknown}
 d - 2 scrolls of noise {unknown}
 e - a scroll of acquirement {unknown}
 f - 2 scrolls of poison
 h - 2 scrolls of amnesia {unknown}
 i - 2 scrolls of blinking {unknown}
 j - 2 scrolls of torment
 o - a scroll of magic mapping {unknown}
 p - 4 scrolls of teleportation
 x - a scroll of immolation {unknown}
 C - a scroll of enchant weapon {unknown}
 E - a scroll of brand weapon {unknown}
Potions
 a - a potion of cancellation {unknown}
 g - 3 potions of invisibility
 k - 2 potions of attraction
 l - a potion of ambrosia
 m - 2 potions of lignification
 q - 5 potions of heal wounds
 s - a potion of resistance
 t - 2 potions of brilliance
 u - a potion of haste


   Skills:
 - Level 1.7 Dodging
 - Level 1.7 Stealth
 + Level 9.9 Spellcasting
 - Level 12.0 Conjurations
 * Level 0.0 Summonings
 - Level 9.0 Invocations


You had 11 spell levels left.
You knew the following spells:

 Your Spells              Type           Power      Damage    Failure   Level
a - Call Canine Familiar  Summ           11%        N/A       17%         3
b - Magic Dart            Conj           100%       1d8       1%          1
c - Fulminant Prism       Conj/Hex       19%        3d10      4%          4
s - Summon Guardian Gole  Hex/Summ       11%        N/A       17%         3
x - Iskenderun's Mystic   Conj/Tloc      39%        2d9       4%          4
z - Searing Ray           Conj           100%       2d8       1%          2

Your spell library contained the following spells:

 Spells                   Type           Power      Damage    Failure   Level
 Dazzling Flash           Conj/Hex       78%        N/A       1%          3
 Summon Small Mammal      Summ           44%        N/A       6%          1
 Sublimation of Blood     Necr           11%        N/A       9%          2
 Wereblood                Tmut           11%        N/A       9%          2
 Portal Projectile        Hex/Tloc       22%        N/A       17%         3
 Tukima's Dance           Hex            11%        N/A       17%         3
 Animate Dead             Necr           11%        N/A       50%         4
 Passage of Golubria      Tloc           11%        N/A       50%         4
 Blade Hands              Tmut           5%         N/A       85%         5
 Silence                  Hex/Air        5%         N/A       85%         5
 Haunt                    Necr/Summ      5%         N/A       100%        7
 Summon Hydra             Summ           5%         N/A       100%        7
 Infestation              Necr           5%         N/A       100%        8
 Lehudib's Crystal Spear  Conj/Erth      19%        10d6      100%        8


Dungeon Overview and Level Annotations

Branches:
Dungeon (9/15)             Temple (1/1) D:7            Lair (0/5) D:9
    Orc: D:9-12

Altars:
Ashenzari
Cheibriados
Dithmenos
Elyvilon
Fedhas
Gozag
Hepliaklqana
Kikubaaqudgha
Makhleb
Nemelex Xobeh
Okawaru
Qazlal
Sif Muna
Trog
Uskayaw
Vehumet
Wu Jian
Xom
Yredelemnul
Zin

Shops:
D:3 [(

Annotations:
D:4 1 runed translucent door, Crazy Yiuf
D:5 3 runed translucent doors, Tocho's ghost, novice HuFi


Innate Abilities, Weirdness & Mutations

You can breathe bolts of dispelling energy.
Your rich purple scales are hard. (AC +7)
You cannot fit into any form of body armour.
You are cold-blooded and may be slowed by cold attacks.


Message History

The yak gores your guardian golem but does no damage.
The yak gores you. The yak closely misses you.
Casting: Call Canine Familiar (dangerous; 17% risk of failure)
Confirm with . or Enter, or press ? or * to list all spells.
The yak gores your guardian golem. The yak gores you!
The yak closely misses you. The yak gores you.
Unknown command.
The yak attacks as you move away! The yak gores you.
The yak attacks as you move away! The yak gores you!
The yak completely misses you. The yak attacks as you move away!
The yak barely misses you.
Your hound bites the yak but does no damage.
Your hound barely misses the yak.
You hit the yak.
You feel better.
You tail-slap the yak, but do no damage.
The yak is heavily wounded.
The yak closely misses you. The yak gores you!
* * * LOW HITPOINT WARNING * * *
The yak barely misses your hound. The yak gores you!
* * * LOW HITPOINT WARNING * * *
The yak gores you but does no damage.
You barely miss the yak.
You tail-slap the yak, but do no damage.
The yak is heavily wounded.
Your hound bites the yak.
Your hound barely misses the yak.
The yak barely misses you. The yak gores you.
* * * LOW HITPOINT WARNING * * *
The yak closely misses you.
You hit the yak.
You feel better.
The yak is severely wounded.
Your hound barely misses the yak.
The yak barely misses you. x2
The yak gores you!
* * * LOW HITPOINT WARNING * * *
The yak gores you.
* * * LOW HITPOINT WARNING * * *
Your hound bites the yak.
You whack the yak!
You feel better.
The yak is almost dead.
Your hound bites the yak.
The yak gores you!
You die...

.... #. #...#. ##...+.#
.'...#.# #.....##
###.....### ##.........##
#......9YY..##
...P...hY@...###
......>.Y......# ..
..P......P...#.# ..#
#..P........##.#
....##.........###.#
....####.....#####.#
...............##.#########
#............'..........#
#..........#########.##


You could see 4 yaks, a friendly guardian golem (summoned) and a friendly hound
(summoned, sheltered).

Vanquished Creatures
  3 two-headed ogres
  Pikel (D:5)
  Maggie (D:6)
  A troll (D:8)
  Prince Ribbit (D:7)
  A wyvern (D:8)
  A basilisk (D:9)
  A steam dragon (D:8)
  Duvessa (D:5)
  A sky beast (D:6)
  2 ice beasts
  An orc warrior (D:8)
  2 ogres
  2 lemures (D:5)
  2 phantoms
  4 centaurs
  5 bullfrogs
  A gnoll sergeant (D:7)
  4 scorpions
  8 wights
  Dowan (D:4)
  A killer bee (D:8)
  4 jellies
  7 hounds
  2 gnoll boudas (D:4)
  7 orc priests
  2 iguanas
  Jessica (D:3)
  9 orc wizards
  14 gnolls
  6 adders
  A white imp (D:5)
  3 ufetubi
  3 worms (D:2)
  A dart slug (D:3)
  33 orcs
  7 endoplasms
  11 goblins
  6 hobgoblins
  8 jackals
  10 kobolds
  3 quokkas
  6 ball pythons
  3 bats (D:1)
  A frilled lizard (D:3)
  5 rats
198 creatures vanquished.

Vanquished Creatures (others)
  A necrophage (D:8)
  A plant (D:9)
2 creatures vanquished.

Grand Total: 200 creatures vanquished

Notes
Turn   | Place    | Note
-------+----------+-------------------------------------------
     0 | D:1      | experimilk the Draconian Conjurer began the quest for the
                  | Orb.
     0 | D:1      | Reached XP level 1. HP: 14/14 MP: 3/3
   473 | D:1      | Reached XP level 2. HP: 20/20 MP: 3/5
   677 | D:1      | Learned a level 2 spell: Searing Ray
  1290 | D:2      | Reached skill level 5 in Conjurations
  1290 | D:2      | Reached XP level 3. HP: 18/26 MP: 1/6
  2322 | D:2      | Reached XP level 4. HP: 28/33 MP: 1/7
  2591 | D:3      | Found Sust's Armour Shoppe.
  2595 | D:3      | Bought a +0 cloak of preservation for 138 gold pieces
  2983 | D:3      | Learned a level 4 spell: Iskenderun's Mystic Blast
  3456 | D:3      | Noticed Jessica
  3461 | D:3      | Killed Jessica
  3462 | D:3      | Reached skill level 6 in Conjurations
  3609 | D:3      | Found Uxetz's Weapon Shop.
  3938 | D:4      | You fall into a shaft and drop 3 floors!
  3951 | D:7      | Noticed a bullfrog
  3955 | D:7      | Killed a bullfrog
  3956 | D:7      | Reached XP level 5. HP: 38/38 MP: 3/8
  4032 | D:7      | Reached skill level 7 in Conjurations
  4287 | D:7      | Found a staircase to the Ecumenical Temple.
  4292 | Temple   | Entered the Ecumenical Temple
  4592 | Temple   | Became a worshipper of Sif Muna the Loreminder
  4785 | D:7      | Noticed Prince Ribbit
  4800 | D:7      | Killed Prince Ribbit
  4801 | D:7      | Reached skill level 8 in Conjurations
  4801 | D:7      | Reached XP level 6. HP: 8/45 MP: 0/9
  5398 | D:6      | Your scales start taking on a rich purple colour.
  5398 | D:6      | Reached XP level 7. HP: 50/50 MP: 7/10
  5547 | D:6      | Reached skill level 9 in Conjurations
  5629 | D:5      | Entered Level 5 of the Dungeon
  6214 | D:4      | Reached skill level 10 in Conjurations
  6336 | D:4      | Reached * piety under Sif Muna
  6559 | D:4      | Reached XP level 8. HP: 57/57 MP: 6/12
  6914 | D:4      | Found a runed translucent door.
  6915 | D:4      | Noticed Crazy Yiuf
  7639 | D:5      | Reached skill level 1 in Invocations
  7721 | D:5      | Learned a level 4 spell: Fulminant Prism
  7742 | D:5      | Found a runed translucent gate.
  7773 | D:5      | Found a runed translucent gate.
  7843 | D:5      | Found a runed translucent gate.
  7855 | D:5      | Found a broken altar of Ashenzari.
  8196 | D:5      | Noticed Duvessa
  8196 | D:5      | Noticed Dowan
  8209 | D:5      | Killed Duvessa
  8216 | D:4      | Killed Dowan
  8825 | D:5      | Reached skill level 11 in Conjurations
  8903 | D:5      | Noticed Pikel
  8919 | D:5      | Killed Pikel
  8920 | D:5      | Reached XP level 9. HP: 62/62 MP: 7/15
  9140 | D:5      | Noticed Tocho's ghost (novice HuFi)
  9797 | D:6      | Reached skill level 12 in Conjurations
 10040 | D:6      | Reached skill level 5 in Invocations
 10158 | D:6      | Noticed Maggie
 10169 | D:6      | Killed Maggie
 10263 | D:6      | Identified the +1 ring mail of the Game Afoot {rElec rF+
                  | rC-}
 10716 | D:7      | Reached ** piety under Sif Muna
 11686 | D:7      | Noticed a two-headed ogre
 11694 | D:7      | Killed a two-headed ogre
 11695 | D:7      | Reached skill level 5 in Spellcasting
 11695 | D:7      | Reached XP level 10. HP: 63/69 MP: 6/17
 12355 | D:8      | Found a glowing silver altar of Zin.
 12448 | D:8      | Noticed a two-headed ogre
 12470 | D:8      | HP: 1/69 [two-headed ogre/+0 giant club (14)]
 12471 | D:8      | Killed a two-headed ogre
 13505 | D:8      | Identified the +10 hand axe of Intuition {flame, *Noise
                  | Dex+6 SInv}
 13657 | D:8      | Noticed a two-headed ogre
 13666 | D:8      | Killed a two-headed ogre
 13806 | D:8      | Found a blossoming altar of Fedhas.
 13809 | D:8      | Found an ornate altar of the Wu Jian Council.
 13814 | D:8      | Found a radiant altar of Vehumet.
 13814 | D:8      | Found a stormy altar of Qazlal.
 13815 | D:8      | Found a basalt altar of Yredelemnul.
 13817 | D:8      | Found a hazy altar of Hepliaklqana.
 14262 | D:9      | Learned a level 3 spell: Call Canine Familiar
 14276 | D:9      | Learned a level 3 spell: Summon Guardian Golem
 14294 | D:9      | Found a staircase to the Lair.
 14321 | D:9      | HP: 3/69 [yak (1)]
 14322 | D:9      | Mangled by a yak

Illustrated notes

Levels and vault maps discovered:
D:1:      nzn_arrival_water_spiral, layout_loops_corners
D:2:      layout_basic, minmay_hedge_maze, minmay_cut_off
D:3:      layout_loops_ring, serial_shops, nicolae_shop_waterfront, shop_statue,
          kennysheep_jessica_study
D:4:      layout_basic, grunt_decor_cap, uniq_crazy_yiuf_cottage
D:5:      layout_cave_pods, pf_just_have_faith, gammafunk_ghost_icy,
          minmay_holes, uniq_pikel, uniq_duvessa
D:6:      layout_rooms, gammafunk_ghost_grave, uniq_maggie
D:7:      layout_basic, temple_doors_ab, serial_curves, eino_curves_04,
          eino_curves_02, eino_curves_03, eino_curves_02, uniq_prince_ribbit1
D:8:      layout_basic, minitemple, old_standard_altar, minmay_diced_spiral
D:9:      layout_basic, mainiacjoe_overflow_divided_tiny, david_lair_generic
Temple:   nicolae_temple_slightly_damp_pantheon

Skill      XL: |  1  2  3  4  5  6  7  8  9 10 |
---------------+-------------------------------+-----
Conjurations   | 5 6 8 10 11 12 | 12.0
Spellcasting   | 4 5 9 |  9.9
Invocations    | 3 9 |  9.0
Dodging        | |  1.7
Stealth        | |  1.7

Action                   |  1- 3 |  4- 6 |  7- 9 | 10-12 || total
-------------------------+-------+-------+-------+-------++-------
Melee: Hand axe          |    13 |    33 |    13 |       ||    59
       Tailslap          |     1 |     3 |     7 |     7 ||    18
       Punch             |       |     1 |       |     1 ||     2
       Whip              |       |       |    35 |    29 ||    64
 Cast: Magic Dart        |    83 |    61 |   126 |    15 ||   285
       Searing Ray       |       |     8 |    68 |    18 ||    94
       Iskenderun's Myst |       |       |     3 |     6 ||     9
       Call Canine Famil |       |       |       |     2 ||     2
       Summon Guardian G |       |       |       |     1 ||     1
 Abil: Breathe Dispellin |       |       |    22 |     6 ||    28
Evoke: Wand              |       |     1 |       |       ||     1
  Use: Scroll            |     2 |     5 |     7 |     1 ||    15
       Potion            |       |       |     2 |       ||     2
Armor: Skin              |     4 |    16 |    44 |    28 ||    92
Dodge: Dodged            |    17 |    29 |    84 |    51 ||   181

Table legend: (Time is in decaauts)
 A = Elapsed time spent in this place.
 B = Non-inter-level travel time spent in this place.
 C = Inter-level travel time spent in this place.
 D = Time resting spent in this place.
 E = Time spent auto-exploring this place.
 F = Levels seen in this place.
 G = Mean time per level.
                   A        B        C        D        E       F      G
               +--------+--------+--------+--------+--------+-----+--------+
         Total |  14342 |  14102 |    240 |   5653 |   6295 |  10 | 1434.2 |
       Dungeon |  14022 |  13799 |    223 |   5653 |   6139 |   9 | 1558.0 |
        Temple |    319 |    302 |     17 |      0 |    156 |   1 |  319.0 |
               +--------+--------+--------+--------+--------+-----+--------+

Top non-repeatable levels by time:
     D:7: 2364 daAuts
     D:4: 2125 daAuts
     D:8: 1896 daAuts
     D:5: 1794 daAuts
     D:6: 1650 daAuts
     D:2: 1438 daAuts
     D:3: 1223 daAuts
     D:1: 1165 daAuts
     D:9: 364 daAuts
  Temple: 319 daAuts
